 Dungeon Crawl Stone Soup version 0.22.1-2-g9c5b331 (webtiles) character file.

35 MalarOregon the Magician (level 3, 0/26 HPs)
             Began as a Merfolk Wizard on Dec 1, 2018.
             Slain by a sky beast (6 damage)
             ... on level 2 of the Dungeon.
             The game lasted 00:05:33 (1743 turns).

MalarOregon the Magician (Merfolk Wizard)           Turns: 1743, Time: 00:05:34

Health: 0/26       AC:  7    Str:  7    XL:     3   Next: 35%
Magic:  0/7        EV: 13    Int: 18    God:
Gold:   9          SH:  0    Dex: 12    Spells: 2/8 levels left

rFire    . . .     SeeInvis .   h - +0 dagger
rCold    . . .     Gourm    .   (no shield)
rNeg     . . .     Faith    .   a - +0 robe
rPois    .         Spirit   .   b - +0 hat
rElec    .         Reflect  .   l - +1 cloak
rCorr    .         Harm     .   k - +2 pair of gloves
MR       .....                  (no boots)
Stlth    ++........             (no amulet)
HPRegen  0.08/turn              (no ring)
MPRegen  0.10/turn              (no ring)

@: very slightly contaminated
A: change form in water, swift swim, stealthy swim
a: no special abilities


You were on level 2 of the Dungeon.
You were hungry.

You visited 1 branch of the dungeon, and saw 2 of its levels.

You collected 9 gold pieces.

Inventory:

Hand Weapons
 h - a +0 dagger (weapon)
   (You took it off a goblin on level 1 of the Dungeon)
Armour
 a - a +0 robe (worn)
 b - a +0 hat (worn)
 k - a +2 pair of gloves (worn)
   (You found it on level 1 of the Dungeon)
 l - a +1 cloak (worn)
   (You found it on level 2 of the Dungeon)
Jewellery
 c - an uncursed amulet of magic regeneration {unknown}
   (You found it on level 1 of the Dungeon)
Scrolls
 d - 2 scrolls of remove curse {unknown}
 f - a scroll of teleportation {unknown}
 i - 2 scrolls of identify {unknown}
 j - a scroll of amnesia {unknown}
 m - a scroll of noise {unknown}
Potions
 g - a potion of brilliance {unknown}
Comestibles
 e - 4 rations {!d}


   Skills:
 * Level 1.1 Fighting
 * Level 3.1 Dodging
 - Level 2.5 Stealth
 * Level 3.2 Spellcasting
 + Level 1.4 Conjurations
 + Level 1.1 Summonings
   Level 0.7 Translocations
 + Level 0.1 Air Magic
 + Level 0.0 Poison Magic


You had 2 spell levels left.
You knew the following spells:

 Your Spells              Type           Power        Failure   Level  Hunger
a - Magic Dart            Conj           #...         9%          1    None
f - Mephitic Cloud        Conj/Pois/Air  #.......     36%         3    ###....
x - Call Imp              Summ           #.......     16%         2    ##.....

Your spell library contained the following spells:

 Spells                   Type           Power        Failure   Level  Hunger
 Blink                    Tloc           N/A          19%         2    ##.....
 Slow                     Hex            #.......     24%         2    ##.....
 Conjure Flame            Conj/Fire      #.......     34%         3    ###....


Dungeon Overview and Level Annotations

Branches:
Dungeon (2/15)

Altars:


Message History

Your crimson imp blinks!
Your crimson imp hits the sky beast but does no damage.
You hit the sky beast but do no damage.
Your crimson imp hits the sky beast.
The sky beast flickers out of sight!
Deactivating autopickup; reactivate with Ctrl-A.
Something hits you. Something shocks you.
You can't see any susceptible monsters within range! (Use Z to cast anyway.)
The magic dart hits something.
Something hits you but does no damage.
The magic dart hits something.
Something hits you. Something shocks you.
* * * LOW HITPOINT WARNING * * *
Something hits you.
* * * LOW HITPOINT WARNING * * *
Something shocks you.
* * * LOW HITPOINT WARNING * * *
Your crimson imp hits something but does no damage.
Your crimson imp hits something but does no damage.
A sky beast appears from thin air!
Reactivating autopickup.
The sky beast flickers out of sight!
Deactivating autopickup; reactivate with Ctrl-A.
Something barely misses you.
Your crimson imp barely misses something.
A sky beast appears from thin air!
Reactivating autopickup.
Your crimson imp blinks!
The sky beast flickers out of sight!
Deactivating autopickup; reactivate with Ctrl-A.
Your crimson imp barely misses something.
A sky beast appears from thin air!
Reactivating autopickup.
Found a red potion.
You miscast Call Imp.
You are very lightly contaminated with residual magic.
Your head hurts.
The sky beast flickers out of sight!
Deactivating autopickup; reactivate with Ctrl-A.
Something completely misses you.
Your crimson imp disappears in a puff of smoke!
A sky beast appears from thin air!
Reactivating autopickup.
The sky beast flickers out of sight!
Deactivating autopickup; reactivate with Ctrl-A.
A metallic apparition takes form in the air.
Something hits you.
* * * LOW HITPOINT WARNING * * *
Something shocks you.
You die...

#. ..
#.######################
#.#.....................
#.#.####################
#.#.# ############.#
#.#.#######..........#.#
#..(....................
#>.....@###..........#.#
........#÷#5........)....#§#
#########.#........!.....#5#
#'#.....######......
........# #...??. ........#
#....?. #.......## #(.....
#.....#.# #...... ......
#......


You could see a friendly iron imp.

Vanquished Creatures
  An ooze (D:1)
  2 dart slugs
  A leopard gecko (D:1)
  4 goblins
  4 hobgoblins (D:1)
  5 kobolds
  3 bats
  A frilled lizard (D:1)
  5 rats (D:1)
26 creatures vanquished.

Notes
Turn   | Place    | Note
-------+----------+-------------------------------------------
     0 | D:1      | MalarOregon the Merfolk Wizard began the quest for the Orb.
     0 | D:1      | Reached XP level 1. HP: 13/13 MP: 4/4
   153 | D:1      | Reached skill level 1 in Conjurations
   153 | D:1      | Reached XP level 2. HP: 20/20 MP: 0/6
   661 | D:1      | Reached skill level 1 in Fighting
   665 | D:1      | Learned a level 2 spell: Call Imp
   967 | D:1      | Reached XP level 3. HP: 26/26 MP: 1/7
  1320 | D:1      | Learned a level 3 spell: Mephitic Cloud
  1529 | D:2      | Noticed a sky beast
  1743 | D:2      | Slain by a sky beast

Skill      XL: |  1  2 |
---------------+-------+-----
Conjurations   | 1 |  1.4
Dodging        | 3 |  3.1
Fighting       | 1 |  1.1
Stealth        | |  2.5
Spellcasting   | |  3.2
Summonings     | |  1.1
Translocations | |  0.7
Air Magic      | |  0.1

Action                   || total
-------------------------++-------
Melee: Dagger            ||    20
 Cast: Magic Dart        ||    66
       Call Imp          ||    10
  Eat: Chunk             ||     2
Armor: Robe              ||     5
Dodge: Dodged            ||    22
